 Dungeon Crawl Stone Soup version 0.28.0 (webtiles) character file.

Game seed: 10185222455344877787

13135 Jerry the Basher (level 11, 0/85 HPs)
             Began as a Demigod Fighter on Feb 9, 2022.
             Hit by a stone thrown by a tengu warrior (9 damage)
             ... on level 9 of the Dungeon.
             The game lasted 00:45:12 (13823 turns).

Jerry the Basher (Demigod Fighter)                 Turns: 13823, Time: 00:45:13

Health: 0/85       AC: 18    Str: 25    XL:     11   Next: 44%
Magic:  0/14       EV:  8    Int: 10    God:
Gold:   591        SH:  5    Dex: 17    Spells: 10/10 levels left

rFire   + . .      SeeInvis +   G - +4 whip (elec)
rCold   + . .      Faith    .   c - +0 buckler
rNeg    . . .      Spirit   +   t - +2 chain mail {Will+}
rPois   .          Reflect  .   (no helmet)
rElec   .          Harm     .   H - scarf {rC+ rF+}
rCorr   .          Rampage  .   e - +0 pair of gloves
Will    ++...                   w - +2 pair of boots {Fly}
Stlth   ..........              z - amulet of guardian spirit
HPRegen 0.24/turn               I - +4 ring of slaying
MPRegen 0.14/turn               u - ring of see invisible

@: flying
A: high MP 1, forlorn, divine attributes
a: no special abilities


You were on level 9 of the Dungeon.
You visited 1 branch of the dungeon, and saw 9 of its levels.
You also visited: Bailey.

You collected 591 gold pieces.

Inventory:

Hand Weapons
 r - the +6 hunting sling of Doomed Blind Justice {vorpal, rN++ Str+6 Stlth+}
   (You found it on level 2 of the Dungeon)

   Any ammunition fired from it inflicts extra damage upon your enemies.
   Str:       It affects your strength (+6).
   rN:        It greatly protects you from negative energy.
   Stlth:     It makes you more stealthy.
 G - a +4 whip of electrocution (weapon)
Missiles
 b - a curare-tipped dart (quivered)
 y - 16 sling bullets
Armour
 c - a +0 buckler (worn)
 e - a +0 pair of gloves (worn)
 f - an orb of mayhem
 t - a +2 chain mail of willpower (worn)
 w - a +2 pair of boots of flying (worn)
 H - a scarf of resistance (worn)
 J - a +2 plate armour of cold resistance
Magical Staves
 h - a staff of earth
Jewellery
 m - a ring of resist corrosion
 u - a ring of see invisible (right hand)
 z - an amulet of guardian spirit (around neck)
 I - a +4 ring of slaying (left hand)
 L - the ring of Kefuety {rC+ Will+ Stlth+}
   (You took it off a rakshasa on level 9 of the Dungeon)

   [ring of willpower]

   rC:        It protects you from cold.
   Will:      It increases your willpower.
   Stlth:     It makes you more stealthy.
Wands
 l - a wand of digging (13)
 p - a wand of paralysis (7)
Scrolls
 a - a scroll of vulnerability {unknown}
 g - 2 scrolls of fog
 i - 3 scrolls of blinking
 k - a scroll of identify
 n - 2 scrolls of enchant armour
 x - a scroll of fear
 K - a scroll of magic mapping
Potions
 d - a potion of might
 o - 3 potions of cancellation
 q - a potion of experience
 s - a potion of lignification
 v - a potion of brilliance
 A - a potion of curing
 B - a potion of magic
 C - 2 potions of attraction
 D - 2 potions of mutation {unknown}
 E - a potion of flight
 F - 4 potions of resistance
Miscellaneous
 j - a condenser vane


   Skills:
 + Level 4.7 Fighting
 - Level 12.7 Maces & Flails
 + Level 10.2 Armour
 - Level 4.0 Shields
 + Level 4.9 Evocations


You had 10 spell levels left.
You didn't know any spells.
Your spell library contained the following spells:

 Spells                   Type           Power      Damage    Failure   Level
 Foxfire                  Conj/Fire      0%         2x1d4     94%         1
 Sandblast                Erth           0%         2d4       94%         1
 Slow                     Hex            0%         N/A       94%         1
 Ensorcelled Hibernation  Hex/Ice        0%         N/A       98%         2
 Passwall                 Tmut/Erth      0%         N/A       98%         2
 Confusing Touch          Hex            0%         N/A       100%        3
 Conjure Flame            Conj/Fire      0%         6-21      100%        3
 Inner Flame              Hex/Fire       0%         N/A       100%        3
 Portal Projectile        Hex/Tloc       0%         N/A       100%        3
 Stone Arrow              Conj/Erth      0%         3d7       100%        3
 Swiftness                Air            0%         N/A       100%        3
 Vampiric Draining        Necr           0%         2d6       100%        3
 Flame Wave               Conj/Fire      0%         2d4       100%        4
 Blade Hands              Tmut           0%         N/A       100%        5
 Excruciating Wounds      Necr           0%         N/A       100%        5
 Summon Forest            Summ/Tloc      0%         N/A       100%        5
 Summon Mana Viper        Hex/Summ       0%         N/A       100%        5
 Summon Cactus Giant      Summ           0%         N/A       100%        6


Dungeon Overview and Level Annotations

Branches:
Dungeon (9/15)             Temple (0/1) D:6            Lair (0/6) D:8
 Bailey (visited)
    Orc: D:9-12

Shops:
D:4 [   D:6 *


Innate Abilities, Weirdness & Mutations

You have an increased reservoir of magic. (+10% MP)
You shall have no god before yourself.
Your divine heritage dramatically boosts your attributes as you level up.


Message History

The boulder beetle is almost dead.
The boulder beetle bites you but does no damage.
The tengu warrior hits you from afar with a +2 bardiche of venom!
You hit the boulder beetle but do no damage.
The boulder beetle is almost dead.
The tengu warrior hits you from afar with a +2 bardiche of venom.
You are poisoned.
The boulder beetle bites you!
You hit the boulder beetle but do no damage.
The boulder beetle is almost dead.
You feel sick.
You hit the boulder beetle but do no damage.
The boulder beetle is almost dead.
You feel sick.
The boulder beetle leaps!
The tengu warrior throws a stone.
The stone hits you.
Okay, then.
Okay, then.
You feel sick.
You feel sick.
You feel sick.
You feel sick.
You feel sick.
You are no longer poisoned.
The tengu warrior throws a stone.
The stone hits you!!
The tengu warrior hits you from afar with a +2 bardiche of venom.
You are poisoned.
You feel very sick.
You feel sick.
You feel sick.
You feel sick.
You feel sick.
The tengu warrior throws a stone.
The stone hits you!
* * * LOW HITPOINT WARNING * * *
You feel sick.
The tengu warrior throws a stone.
The stone hits you.
* * * LOW HITPOINT WARNING * * *
You feel sick.
You feel sick.
You feel sick.
You are no longer poisoned.
The tengu warrior throws a stone.
The stone hits you!
You die...

## ###♣.......#.. #. #..# #
##°.....♣..♣#.# #..# # #..#
#(##♣.......#.#..####..
#..#
#.####♣.Q..♣#..####...#
#..#
##..####♣...°####...#.#
#..# #....####♣.###...#.#.#
#..# ###....#####...#.#.#.#
#..# #....#...##)##...#.#.#
#..# #.....Q...@#####...#.#
#..#
#.##..##.###..####...###..#
#.
#.##...####.))..####..##..#
####.
##...#####†#.#....####.#.##
...#.
#..####.#.##...#....##.#.#
#.#.
######.#.#.#.#(..#....##.#
#.#. #.#.#.##...#....####.#
#.#. #.#)#.#.#....######.#
#.#.####
#.#.#.##....####..##.#


You could see a tengu warrior.

Vanquished Creatures
  An orc warlord (Bailey)
  A rakshasa (D:9)
  A boulder beetle (D:9)
  2 catoblepae (D:8)
  3 orc knights (Bailey)
  A deep elf pyromancer (D:8)
  An ugly thing (D:9)
  A cyclops (D:9)
  2 manticores (D:8)
  A shadow (D:9)
  A vampire (D:9)
  4 yaks
  A basilisk (D:9)
  4 wyverns
  A vampire mosquito (D:9)
  4 water moccasins (D:7)
  A black bear (D:7)
  3 ice beasts
  9 orc warriors
  2 sky beasts
  6 ogres
  3 centaurs
  A necrophage (D:6)
  Blork the orc (D:5)
  4 kobold brigands
  A wyvern zombie (D:9)
  3 bullfrogs
  3 scorpions
  4 wights (D:4)
  2 howler monkeys
  A bullfrog zombie (D:7)
  5 centaur zombies
  A centaur skeleton (D:7)
  3 hounds
  2 jellies
  6 orc priests
  2 bullfrog skeletons (D:5)
  A gnoll shaman (D:6)
  3 iguanas
  10 orc wizards
  A hound zombie (D:5)
  3 howler monkey zombies
  3 adders
  17 gnolls
  An ufetubus (D:4)
  An adder skeleton (D:5)
  2 worms (D:3)
  2 dart slugs
  35 orcs
  4 endoplasms
  2 giant cockroaches
  16 goblins
  11 hobgoblins
  5 jackals
  4 quokkas
  3 ball pythons
  7 bats
  6 frilled lizards
  16 kobolds
  A rat (D:3)
246 creatures vanquished.

Vanquished Creatures (collateral kills)
  3 jackals
3 creatures vanquished.

Vanquished Creatures (others)
  3 bushes (D:8)
  4 fungi (D:8)
  19 plants
26 creatures vanquished.

Grand Total: 275 creatures vanquished

Notes
Turn   | Place    | Note
-------+----------+-------------------------------------------
     0 | D:1      | Jerry the Demigod Fighter began the quest for the Orb.
     0 | D:1      | Reached XP level 1. HP: 18/18 MP: 3/3
   308 | D:1      | Reached skill level 2 in Maces & Flails
   402 | D:1      | Reached XP level 2. HP: 25/25 MP: 4/4
  1673 | D:2      | Identified the +6 hunting sling of Doomed Blind Justice
                  | {vorpal, rN++ Str+6 Stlth+}
  1889 | D:2      | Reached XP level 3. HP: 31/31 MP: 5/5
  1895 | D:2      | Identified the +8 rapier "Fijy" {drain, Contam Fly rElec
                  | Will+++}
  2650 | D:3      | Reached XP level 4. HP: 35/38 MP: 6/6
  3652 | D:4      | Reached XP level 5. HP: 45/45 MP: 7/7
  3665 | D:4      | Reached skill level 3 in Maces & Flails
  3930 | D:4      | Reached XP level 6. HP: 39/51 MP: 8/8
  4234 | D:4      | Found Taroschie's Antique Armour Shoppe.
  4364 | D:4      | Noticed a blizzard demon
  4367 | D:4      | Noticed a smoke demon
  4367 | D:4      | Noticed a neqoxec
  4510 | D:5      | Entered Level 5 of the Dungeon
  4631 | D:5      | Reached skill level 4 in Maces & Flails
  4748 | D:5      | Noticed Blork the orc
  4759 | D:5      | Killed Blork the orc
  4800 | D:5      | Reached skill level 5 in Maces & Flails
  4800 | D:5      | Reached XP level 7. HP: 57/57 MP: 9/9
  4843 | D:5      | Reached skill level 5 in Armour
  5513 | D:6      | Reached skill level 6 in Maces & Flails
  5690 | D:6      | Found a staircase to the Ecumenical Temple.
  5778 | D:6      | Reached XP level 8. HP: 63/63 MP: 10/10
  5886 | D:6      | Reached skill level 7 in Maces & Flails
  6863 | D:6      | Found Tiliymim's Assorted Antiques.
  6962 | D:6      | Reached skill level 8 in Maces & Flails
  7214 | D:7      | Reached XP level 9. HP: 17/70 MP: 4/11
  8208 | D:7      | Reached skill level 9 in Maces & Flails
  8675 | D:8      | Reached skill level 10 in Maces & Flails
  8687 | D:7      | HP: 3/70 [water moccasin (1)]
  9445 | D:8      | Found a staircase to the Lair.
  9802 | D:8      | Noticed a catoblepas
  9842 | D:8      | Killed a catoblepas
  9843 | D:8      | Reached skill level 11 in Maces & Flails
  9843 | D:8      | Reached XP level 10. HP: 6/77 MP: 1/13
 10301 | D:8      | Noticed a manticore
 10313 | D:8      | Killed a manticore
 10472 | D:8      | Noticed a manticore
 10483 | D:8      | Killed a manticore
 10848 | D:8      | Noticed a deep elf pyromancer
 10868 | D:8      | Killed a deep elf pyromancer
 10869 | D:8      | Reached skill level 1 in Evocations
 10871 | D:8      | Noticed a catoblepas
 10882 | D:8      | Killed a catoblepas
 11681 | D:9      | Reached skill level 12 in Maces & Flails
 11699 | D:9      | Found a flagged portal.
 11879 | Bailey   | Entered a bailey
 12068 | Bailey   | Noticed an orc knight
 12111 | Bailey   | Killed an orc knight
 12382 | Bailey   | Noticed an orc warlord
 12382 | Bailey   | Noticed an orc knight
 12411 | Bailey   | Killed an orc warlord
 12412 | Bailey   | Reached XP level 11. HP: 78/82 MP: 8/14
 12425 | Bailey   | Killed an orc knight
 12425 | Bailey   | HP: 1/123 [orc (7)]
 12793 | Bailey   | Noticed an orc knight
 12808 | Bailey   | Killed an orc knight
 13089 | D:9      | Noticed a ghost moth
 13090 | D:9      | Noticed a flayed ghost
 13423 | D:9      | Noticed a boulder beetle
 13437 | D:9      | Killed a boulder beetle
 13446 | D:9      | Reached skill level 10 in Armour
 13554 | D:9      | Identified the ring of Kefuety {rC+ Will+ Stlth+}
 13554 | D:9      | Noticed a rakshasa
 13571 | D:9      | Killed a rakshasa
 13663 | D:9      | Noticed a tengu warrior
 13766 | D:9      | Noticed a boulder beetle
 13823 | D:9      | Hit by a stone thrown by a tengu warrior

Illustrated notes

Levels and vault maps discovered:
D:1:      amcnicky_arrival_underground_garden, layout_basic,
          serial_co_window_serial, co_window_corner_a, co_window_paths_b,
          co_window_corner_a, co_window_cross_1, co_window_corner_a,
          co_window_of_opportunity_b, co_window_broadway_b, co_window_cross_4,
          glass_columns_a
D:2:      layout_loops_corners, basic_altar, serial_aquarium,
          aquarium_bridge_island_small [aquarium_subvault_small_open,
          aquarium_subvault_bridge, aquarium_subvault_wall,
          aquarium_subvault_bridge, aquarium_subvault_wall],
          aquarium_bridge_square [aquarium_subvault_bridge,
          aquarium_subvault_bridge, aquarium_subvault_bridge,
          aquarium_subvault_wall], aquarium_window_fake, aquarium_window_3,
          aquarium_window_1, aquarium_view_2b, aquarium_view_2a,
          aquarium_balcony_3a
D:3:      layout_loops_ring, chequers_temple_overflow_statue_of_worship,
          minmay_goblin_outpost
D:4:      layout_cave_pools, general_overflow_altar,
          nicolae_qazlal_general_emergency, makhleb_altar_promises_db,
          serial_park, serial_park_tiny_2, serial_park_tiny_1,
          serial_park_tiny_1, serial_park_tiny_1, serial_park_tiny_2,
          serial_shops, shop, minmay_starry_boxes
D:5:      layout_cave_pods, minitemple, uniq_blork_the_orc
D:6:      minmay_general_purpose_star, layout_rooms,
          minmay_temple_entry_junction, serial_shops, shop, kennysheep_diamond,
          interstate_on_off, bh_walls_and_bars
D:7:      lemuel_ice_spiral_2, layout_rooms, chequers_serial_rivers_room_b
D:8:      layout_loops_ring, minmay_lair_entry_grove, minmay_diamond_spiral
D:9:      minmay_the_grid_triangle_9x9_rhombus_full
          [minmay_the_grid_triangle_9x9_checkered,
          minmay_the_grid_triangle_9x9_swiss_cheese,
          minmay_the_grid_triangle_9x9_corrupted_corridor,
          minmay_the_grid_triangle_9x9_negative_grid,
          minmay_the_grid_triangle_9x9_steps,
          minmay_the_grid_triangle_9x9_cache,
          minmay_the_grid_triangle_9x9_shrine,
          minmay_the_grid_triangle_9x9_prize_center], layout_loops_ring,
          nicolae_wu_jian_wuxing_cycle, old_standard_altar, enter_bailey_2,
          nrook_mini_vaults, onia_ninara_dug_in_and_dangerous

Skill      XL: |  1  2  3  4  5  6  7  8  9 10 11 |
---------------+----------------------------------+-----
Maces & Flails | 2 3 5 6 8 11 12 | 12.7
Fighting       | 3 4 |  4.7
Armour         | 3 4 5 7 8 9 10 | 10.2
Shields        | 3 4 |  4.0
Evocations     | 3 4 |  4.9

Action                   |  1- 3 |  4- 6 |  7- 9 | 10-12 || total
-------------------------+-------+-------+-------+-------++-------
Melee: Flail             |   100 |   103 |     8 |       ||   211
       Whip              |       |       |   265 |   337 ||   602
 Fire: Hunting sling     |    18 |    46 |    65 |    12 ||   141
  Use: Scroll            |       |     8 |     8 |     6 ||    22
       Potion            |       |       |     3 |     4 ||     7
 Stab: Distracted        |       |       |       |     1 ||     1
Armor: Scale mail        |    65 |    53 |    75 |    11 ||   204
       Chain mail        |       |       |       |    55 ||    55
Dodge: Dodged            |    58 |    41 |    83 |    58 ||   240
Block: Buckler           |     5 |    28 |    52 |    47 ||   132
